 Dungeon Crawl Stone Soup version 0.23-a0-171-g5ae17c6 (webtiles) character file.

592 grindst0ne the Skirmisher (level 6, -2/82 HPs)
             Began as a Demigod Fighter on Sept 13, 2018.
             Slain by a scorpion (8 damage)
             ... on level 4 of the Dungeon.
             The game lasted 00:06:51 (3393 turns).

grindst0ne the Skirmisher (Demigod Fighter)         Turns: 3393, Time: 00:06:52

Health: -2/82      AC:  7    Str: 26    XL:     6   Next: 94%
Magic:  8/8        EV:  7    Int: 12    God:
Gold:   164        SH: 11    Dex: 17    Spells: 5/5 levels left

rFire    . . .     SeeInvis .   a - +0 war axe
rCold    . . .     Gourm    .   c - +0 shield
rNeg     . . .     Faith    .   b - +0 scale mail
rPois    .         Spirit   .   h - +0 helmet
rElec    .         Reflect  .   (no cloak)
rCorr    .         Harm     .   (no gloves)
MR       .....     Rnd*Tele +   (no boots)
Stlth    ..........             (no amulet)
HPRegen  0.23/turn              l - ring of teleportation (curse)
MPRegen  0.11/turn              (no ring)

@: berserking, lethally poisoned (-2 -> -4), very quick
A: high mp 1
a: no special abilities


You were on level 4 of the Dungeon.
You were hungry.

You visited 1 branch of the dungeon, and saw 4 of its levels.

You collected 164 gold pieces.

Inventory:

Hand Weapons
 a - a +0 war axe (weapon)
Armour
 b - a +0 scale mail (worn)
 c - a +0 shield (worn)
 h - a +0 helmet (worn)
Jewellery
 d - a cursed amulet of inaccuracy {unknown}
 l - a cursed ring of teleportation (left hand)
Scrolls
 j - 3 scrolls of fog
 k - a scroll of enchant weapon
 q - a scroll of blinking
Potions
 i - a potion of berserk rage
 n - a potion of lignification
 p - a potion of brilliance
Comestibles
 f - 5 rations


   Skills:
 + Level 4.8 Fighting
 + Level 4.3 Axes
 - Level 2.6 Armour
 + Level 4.8 Shields


You had 5 spell levels left.
You didn't know any spells.
Your spell library contained the following spells:

 Spells                   Type           Power        Failure   Level  Hunger
 Corona                   Hex            #......      96%         1    ##.....
 Ensorcelled Hibernation  Hex/Ice        #.....       99%         2    ###....
 Confuse                  Hex            #.......     100%        3    ####...
 Dazzling Spray           Conj/Hex       #.....       100%        3    ####...
 Tukima's Dance           Hex            #.......     100%        3    ####...


Dungeon Overview and Level Annotations

Branches:
Dungeon (4/15)
 Temple: D:4-7

Annotations:
D:1 exclusion: downstairs


Innate Abilities, Weirdness & Mutations

You have an increased reservoir of magic. (+10% MP)


Message History

A scorpion comes into view.
The phantom blinks!
The scorpion moves out of view.
You slash the phantom!
The phantom is almost destroyed.
You block the phantom's attack.
You hit the phantom.
You destroy the phantom!
You barely miss the scorpion. The scorpion barely misses you.
The scorpion closely misses you.
You hit the scorpion but do no damage.
The scorpion stings you but does no damage.
You hit the scorpion but do no damage. The scorpion stings you!
* * * LOW HITPOINT WARNING * * *
You are lethally poisoned!
The scorpion poisons you!
A red film seems to cover your vision as you go berserk!
You feel yourself moving faster!
You feel mighty!
You feel sick. You block the scorpion's attack.
You closely miss the scorpion. The scorpion stings you!
You die...

.#<# #
##♣.♣.# ..
###♣.....♣#
..#.........#
..♣..(....♣##
#..........##
♣.......♣...
#...........
#♣..@..♣...
#.♣s♣......
###...$....
##.......
.......
...(...
.......
....P.♣
..#..P.


You could see a scorpion.

Vanquished Creatures
  A phantom (D:4)
  2 ogres
  2 orc priests (D:3)
  An orc wizard (D:3)
  A worker ant (D:4)
  4 gnolls
  10 adders
  A worm (D:3)
  3 dart slugs
  3 leopard geckos
  6 orcs (D:3)
  A ball python (D:3)
  14 bats
  4 giant cockroaches
  8 goblins
  6 hobgoblins
  2 jackals (D:3)
  11 kobolds
  4 quokkas
  3 frilled lizards
  A jackal skeleton (D:4)
  6 rats
94 creatures vanquished.

Notes
Turn   | Place    | Note
-------+----------+-------------------------------------------
     0 | D:1      | grindst0ne the Demigod Fighter began the quest for the Orb.
     0 | D:1      | Reached XP level 1. HP: 18/18 MP: 3/3
    98 | D:1      | Reached XP level 2. HP: 20/25 MP: 4/4
   570 | D:1      | Reached XP level 3. HP: 27/31 MP: 5/5
  1403 | D:2      | Reached XP level 4. HP: 38/38 MP: 6/6
  1420 | D:2      | Noticed an ogre
  1424 | D:2      | Killed an ogre
  1462 | D:2      | Reached XP level 5. HP: 46/46 MP: 7/7
  2520 | D:3      | Found a faded altar of an unknown god.
  2893 | D:3      | Reached XP level 6. HP: 52/52 MP: 8/8
  3393 | D:4      | Slain by a scorpion

Vault maps used:
D:1:      nicolae_arrival_memento_mori, minmay_misc_feat_ornament
D:2:      minmay_pentomino_p4
D:3:      chequers_ecumenical_altar_island, st_stairs_4,
          corexii_leaking_fountain
D:4:      serial_forest, infiniplex_forest_lined_room_2,
          infiniplex_forest_clump_diagonal, infiniplex_forest_lined_2,
          infiniplex_forest_lined_ring, infiniplex_forest_lined_2,
          infiniplex_forest_clump_curved, first_ration

Skill      XL: |  1  2  3  4  5  6 |
---------------+-------------------+-----
Axes           | 2 3 4 |  4.3
Fighting       | 3 4 |  4.8
Shields        | 3 4 |  4.8
Armour         | |  2.6

Action                   |  1- 3 |  4- 6 || total
-------------------------+-------+-------++-------
Melee: War axe           |   119 |   195 ||   314
  Use: Potion            |       |     5 ||     5
       Scroll            |       |     8 ||     8
  Eat: Chunk             |     2 |     6 ||     8
Armor: Scale mail        |    46 |    71 ||   117
       Skin              |       |    23 ||    23
Dodge: Dodged            |    52 |    70 ||   122
Block: Shield            |    86 |   153 ||   239

Table legend:
 A = Non-vault XP
 B = Vault XP
 C = Vault XP percentage of total XP
 D = Non-vault monster count
 E = Vault monster count
 F = Vault count percentage of total count
                 A         B        C        D         E       F
            +---------+---------+-------+---------+---------+-------
      Total |     839 |       8 |   0.9 |      90 |       4 |   4.3
            +---------+---------+-------+---------+---------+-------
        D:1 |      48 |       0 |   0.0 |      25 |       0 |   0.0
        D:2 |     230 |       4 |   1.7 |      20 |       2 |   9.1
        D:3 |     284 |       4 |   1.4 |      40 |       2 |   4.8
        D:4 |     277 |       0 |   0.0 |       5 |       0 |   0.0
            +---------+---------+-------+---------+---------+-------
